 Dungeon Crawl Stone Soup version 0.30-a0-225-g04c3547f4f (webtiles) character file.

Game seed: 4341085195946527915

20780 qw the Cleaver (level 12, -13/76 HPs)
             Began as a Gargoyle Fighter on Oct 9, 2022.
             Was a High Priest of Okawaru.
             Mangled by an ettin
             ... wielding a +0 dire flail
              (22 damage)
             ... on level 11 of the Dungeon.
             The game lasted 00:04:32 (10736 turns).

qw the Cleaver (Gargoyle Fighter)                  Turns: 10736, Time: 00:04:32

Health: -13/76     AC: 29    Str: 31    XL:     12   Next: 83%
Magic:  14/19      EV: 11    Int:  7    God:    Okawaru [*****.]
Gold:   463        SH: 13    Dex: 15    Spells: 11/11 levels left

rFire   + . .      SeeInvis +    Y - +0 broad axe
rCold   + . .      Faith    .    g - +0 kite shield
rNeg    + . .      Spirit   .    v - +2 plate armour {rC+}
rPois   inf        Reflect  .    q - +0 hat {SInv}
rElec   +          Harm     .    (no cloak)
rCorr   +          Rampage  .    a - +0 pair of gloves of the Onion {rF+ Stlth+}
Will    .....                    n - +0 pair of boots
Stlth   ..........               r - amulet of the acrobat
HPRegen 0.32/turn                m - ring "Hysoteo" {rCorr Str+4 Int-4 Dex+6}
MPRegen 0.16/turn                l - +6 ring of strength

@: heroic, finesse-ful
A: sickness immunity, AC +8, negative energy resistance 1, electricity
resistance, torment resistance 1, petrification resistance, hooves 1, horns 1,
weak 1, MP-powered wands
a: Renounce Religion, Heroism, Finesse, Duel


You were on level 11 of the Dungeon.
You worshipped Okawaru.
Okawaru was extremely pleased with you.
You visited 2 branches of the dungeon, and saw 12 of its levels.

You collected 551 gold pieces.
You spent 88 gold pieces at shops.


Innate Abilities, Weirdness & Mutations

You are immune to sickness and miasma.
Your stone body is resilient. (AC +8)
You are immune to poison.
You resist negative energy. (rN+)
You are resistant to electric shocks. (rElec)
You are resistant to unholy torment.
You are immune to petrification.
You have large cloven feet.
You have a pair of small horns on your head.
You are weak. (Str -2)
You expend magic power (3 MP) to strengthen your wands.


   Skills:
 - Level 9.0(14.0) Fighting
 - Level 12.0(17.0) Axes
 - Level 1.6(6.6) Throwing
 - Level 8.0(13.0) Armour
 - Level 3.0(8.0) Dodging
 + Level 10.0(15.0) Shields
 - Level 10.0 Invocations


You had 11 spell levels left.
You didn't know any spells.
Your spell library was empty.

Inventory:

Hand Weapons
 s - a +0 war axe of flaming
 Y - a +0 broad axe (weapon)
Missiles
 w - 3 boomerangs (quivered)
Armour
 a - the +0 pair of gloves of the Onion (worn) {rF+ Stlth+}
   (Okawaru gifted it to you on level 10 of the Dungeon)

   rF:        It protects you from fire.
   Stlth:     It makes you more stealthy.
 b - a +0 chain mail of fire resistance
 g - a +0 kite shield (worn)
 n - a +0 pair of boots (worn)
 q - a +0 hat of see invisible (worn)
 v - a +2 plate armour of cold resistance (worn)
Jewellery
 l - a +6 ring of strength (right hand)
 m - the ring "Hysoteo" (left hand) {rCorr Str+4 Int-4 Dex+6}
   (You found it on level 3 of the Dungeon)

   [ring of dexterity]

   Str:       It affects your strength (+4).
   Int:       It affects your intelligence (-4).
   Dex:       It affects your dexterity (+6).
   rCorr:     It protects you from acid and corrosion.
 r - an amulet of the acrobat (around neck)
Scrolls
 j - a scroll of identify
Potions
 c - a potion of lignification
 d - 3 potions of might
 h - 3 potions of curing
 k - 2 potions of haste
 o - a potion of cancellation
 p - a potion of attraction
 t - a potion of mutation

Dungeon Overview and Level Annotations

Branches:
Dungeon (11/15)            Temple (1/1) D:5             Orc (0/2) D:9
   Lair: D:8-11

Altars:
Ashenzari
Cheibriados
Dithmenos
Elyvilon
Fedhas
Gozag
Hepliaklqana
Kikubaaqudgha
Makhleb
Nemelex Xobeh
Okawaru
Qazlal
Ru
Sif Muna
Trog
Uskayaw
Vehumet
Wu Jian
Xom
Yredelemnul
Zin
The Shining One

Shops:
D:4 *   D:9 (


Message History

The frost giant gestures at you while chanting.
The bolt of cold hits you!! You resist.
You slice the frost giant!!
You kill the frost giant!
Okawaru is honoured by your kill.
You hit the skeletal warrior but do no damage.
The skeletal warrior is severely damaged.
The skeletal warrior hits you but does no damage.
10726 ||| INVOKING Finesse.
You can now deal lightning-fast blows.
The skeletal warrior barely misses you.
You slash the skeletal warrior!
You headbutt the skeletal warrior, but do no damage.
The skeletal warrior is almost destroyed.
You hit the skeletal warrior.
You headbutt the skeletal warrior, but do no damage.
The skeletal warrior is almost destroyed.
You slice the skeletal warrior!!
You destroy the skeletal warrior!
Okawaru is honoured by your kill.
Your base Axes skill increases to level 12!
You hit the ettin but do no damage. You slash the ettin!
The ettin is moderately wounded.
The ettin hits you with a +0 dire flail! x2
You hit the ettin. You headbutt the ettin.
The ettin is moderately wounded.
You hit the ettin.
The ettin is heavily wounded.
The ettin hits you but does no damage. The ettin barely misses you.
You hit the ettin.
You headbutt the ettin, but do no damage.
The ettin is heavily wounded.
You slice the ettin!!
The ettin is almost dead.
You slash the ettin!
The ettin is almost dead.
You block the ettin's attack.
The ettin hits you with a +0 dire flail!!
You die...

.# ########.######
.# ................
.##########.#######.
## .............# ##
#? # ###########..#
##.##C ?#
......#......# #?##.
.#.# .####.#.##...#
##..##.#
......#.#<...#
#C##.#
.l...##.#....# #@.##
........#....# ###.#
#..........#<# #..#
#####..#####.#
#.###### # ##.# #.#
#......#
######(#####.#
#......##.#
#......).%...#
#.........#
#.####..######
####.######
....###.# ###.######


You could see an ettin.

Vanquished Creatures
  Gastronok (D:8)
  A frost giant (D:11)
  Snorg (D:10)
  Josephine (D:10)
  Erolcha (D:9)
  2 two-headed ogres
  Erica (D:9)
  A skeletal warrior (D:11)
  An orc knight (D:10)
  Pikel (D:9)
  5 trolls
  2 hornets
  A shadow (D:11)
  A vampire (D:11)
  13 yaks
  3 water elementals (D:11)
  6 wraiths
  4 wyverns
  4 vampire mosquitoes (D:10)
  4 steam dragons
  Menkaure (D:6)
  4 water moccasins
  An acid dragon (D:11)
  15 orc warriors
  2 sky beasts
  A black bear (D:7)
  An ice beast (D:7)
  8 centaurs
  6 ogres
  5 kobold brigands
  2 lemures (D:9)
  Blork the orc (D:6)
  3 bullfrogs
  7 gnoll sergeants
  A scorpion (D:6)
  5 wights (D:9)
  16 killer bees
  5 electric eels (D:11)
  10 howler monkeys
  7 hounds
  3 jellies
  5 orc priests
  A gnoll bouda (D:9)
  3 iguanas
  14 orc wizards
  6 gnolls
  An adder (D:5)
  A white imp (D:7)
  An ufetubus (D:6)
  A worm (D:3)
  2 dart slugs
  40 orcs
  9 endoplasms
  4 giant cockroaches
  2 goblins (D:4)
  9 hobgoblins
  3 jackals (D:1)
  5 quokkas
  8 ball pythons
  A bat (D:3)
  20 kobolds
  2 rats (D:1)
296 creatures vanquished.

Vanquished Creatures (others)
  3 bushes (D:11)
  3 fungi (D:11)
  22 plants (D:11)
28 creatures vanquished.

Grand Total: 324 creatures vanquished

Notes
Turn   | Place    | Note
-------+----------+-------------------------------------------
     0 | D:1      | qw the Gargoyle Fighter began the quest for the Orb.
     0 | D:1      | Reached XP level 1. HP: 14/14 MP: 1/1
     0 | D:1      | 0 ||| qw: Version: 0.2-a-17-g06abaee
     0 | D:1      | 0 ||| qw: Game counter: 2288
     0 | D:1      | 0 ||| qw: Always use a shield: true
     0 | D:1      | 0 ||| qw: God list: Okawaru
     0 | D:1      | 0 ||| qw: Allow faded altars: false
     0 | D:1      | 0 ||| qw: Do Orc after D:15 true
     0 | D:1      | 0 ||| qw: Do second Lair branch before Depths: true
     0 | D:1      | 0 ||| qw: Lair rune preference: random
     0 | D:1      | 0 ||| qw: Plans: Normal, Zot:1-4, God:TSO, Crypt, Tomb,
                  | Pan, Slime:5, Hells, Abyss, Orb
     0 | D:1      | 0 ||| PLANNING D:1-11
    27 | D:1      | Reached skill level 2 in Axes
    43 | D:1      | 43 ||| Stepping ~*~*~tactically~*~*~ (stealth).
    47 | D:1      | 47 ||| Stepping ~*~*~tactically~*~*~ (stealth).
   130 | D:1      | Reached XP level 2. HP: 19/19 MP: 2/2
   525 | D:1      | Reached skill level 3 in Axes
   644 | D:1      | Reached XP level 3. HP: 23/23 MP: 3/3
   860 | D:1      | 860 ||| READING 2 scrolls labelled IRONYIDDOF.
   861 | D:1      | 861 ||| READING scroll labelled DEWOIM EPEIX.
   862 | D:1      | 862 ||| READING 2 scrolls labelled IGHUM CACOF.
   863 | D:1      | 863 ||| READING scroll labelled RUEB MUDATENEMN.
   864 | D:1      | 864 ||| READING scroll labelled DOASOMEKHU.
   869 | D:1      | 869 ||| DROPPING scroll of fog.
   870 | D:1      | 870 ||| DROPPING scroll of vulnerability.
   897 | D:2      | 897 ||| STAIRDANCE
  1014 | D:2      | 1014 ||| Stepping ~*~*~tactically~*~*~ (stealth).
  1015 | D:2      | 1015 ||| DROPPING +0 mace.
  1017 | D:2      | 1017 ||| Stepping ~*~*~tactically~*~*~ (stealth).
  1089 | D:2      | 1089 ||| Stepping ~*~*~tactically~*~*~ (hiding).
  1090 | D:2      | 1090 ||| Stepping ~*~*~tactically~*~*~ (hiding).
  1161 | D:2      | Identified the +5 mace "Zebyog" {speed, rCorr}
  1163 | D:2      | 1163 ||| DROPPING +0 flail.
  1448 | D:2      | 1448 ||| DROPPING orb of light.
  1449 | D:2      | 1449 ||| READING scroll labelled LUYGUAHACAD.
  1450 | D:2      | 1450 ||| READING scroll labelled CELLEE RIEFEFOAS.
  1451 | D:2      | 1451 ||| READING scroll labelled AWKUHES VUOP.
  1452 | D:2      | 1452 ||| DRINKING 2 fizzy puce potions.
  1553 | D:2      | 1553 ||| DROPPING potion of ambrosia.
  1593 | D:3      | 1593 ||| Stepping ~*~*~tactically~*~*~ (stealth).
  2076 | D:3      | Identified the ring "Hysoteo" {rCorr Str+4 Int-4 Dex+6}
  2178 | D:3      | 2178 ||| UPGRADING to +0 plate armour.
  2188 | D:3      | 2188 ||| DROPPING +0 scale mail.
  2189 | D:3      | 2189 ||| DROPPING ring of wizardry.
  2190 | D:3      | 2190 ||| UPGRADING to ring "Hysoteo" {rCorr Str+4 Int-4
                  | Dex+6}.
  2191 | D:3      | 2191 ||| READING scroll labelled GUOGUO QAOFAHYST.
  2192 | D:3      | 2192 ||| DRINKING 3 bubbling sapphire potions.
  2193 | D:3      | 2193 ||| DRINKING 3 murky coppery potions.
  2193 | D:3      | Gained mutation: You possess an exceptional clarity of
                  | mind. [potion of mutation]
  2193 | D:3      | Gained mutation: You are partially covered in large bone
                  | plates. (SH +4) [potion of mutation]
  2193 | D:3      | Gained mutation: You are frail. (-10% HP) [potion of
                  | mutation]
  2193 | D:3      | Gained mutation: You are mostly covered in large bone
                  | plates. (SH +6) [potion of mutation]
  2194 | D:3      | 2194 ||| DRINKING 2 potions of mutation.
  2194 | D:3      | Lost mutation: You are frail. (-10% HP) [potion of
                  | mutation]
  2194 | D:3      | Lost mutation: You are mostly covered in large bone plates.
                  | (SH +6) [potion of mutation]
  2194 | D:3      | Lost mutation: You are partially covered in large bone
                  | plates. (SH +4) [potion of mutation]
  2194 | D:3      | Gained mutation: You have a pair of small horns on your
                  | head. [potion of mutation]
  2194 | D:3      | Gained mutation: You have hidden genetic defects. [potion
                  | of mutation]
  2250 | D:4      | Noticed a bullfrog
  2259 | D:4      | Killed a bullfrog
  2260 | D:4      | Reached skill level 4 in Axes
  2260 | D:4      | Reached XP level 4. HP: 22/28 MP: 4/4
  2267 | D:4      | Gained mutation: You are weak. (Str -2) [hidden defects]
  2394 | D:4      | Reached XP level 5. HP: 32/32 MP: 5/5
  2453 | D:4      | Found Zullaze's General Store.
  2462 | D:4      | 2462 ||| BUYING potion of heal wounds (55 gold).
  2462 | D:4      | Bought a potion of heal wounds for 55 gold pieces
  2462 | D:4      | 2462 ||| BUYING scroll of teleportation (33 gold).
  2462 | D:4      | Bought a scroll of teleportation for 33 gold pieces
  2582 | D:4      | Gained mutation: You occasionally lose the ability to drink
                  | potions when taking damage. [hidden defects]
  2582 | D:4      | Lost mutation: You have hidden genetic defects. [hidden
                  | defects expressed]
  2595 | D:4      | 2595 ||| DRINKING potion of mutation.
  2595 | D:4      | Lost mutation: You possess an exceptional clarity of mind.
                  | [potion of mutation]
  2595 | D:4      | Lost mutation: You occasionally lose the ability to drink
                  | potions when taking damage. [potion of mutation]
  2595 | D:4      | Gained mutation: You have large cloven feet. [potion of
                  | mutation]
  2595 | D:4      | Gained mutation: You expend magic power (3 MP) to
                  | strengthen your wands. [potion of mutation]
  2675 | D:4      | Reached skill level 1 in Dodging
  3079 | D:4      | Found a sparkling altar of Nemelex Xobeh.
  3153 | D:4      | 3153 ||| Stepping ~*~*~tactically~*~*~ (stealth).
  3255 | D:4      | Found an ornate altar of the Wu Jian Council.
  3283 | D:4      | 3283 ||| READING scroll labelled VUUHEIMOSO.
  3346 | D:5      | Entered Level 5 of the Dungeon
  3390 | D:5      | Reached skill level 5 in Axes
  3405 | D:5      | Reached XP level 6. HP: 38/38 MP: 6/6
  3610 | D:5      | Noticed a sky beast
  3623 | D:5      | Killed a sky beast
  3669 | D:5      | Reached skill level 6 in Axes
  3669 | D:5      | Reached XP level 7. HP: 41/43 MP: 7/7
  3950 | D:5      | Found a hide-covered altar of Uskayaw.
  4004 | D:5      | Found a staircase to the Ecumenical Temple.
  4024 | D:5      | 4024 ||| READING scroll labelled IDIMNAREARR.
  4025 | D:5      | 4025 ||| DROPPING +5 mace "Zebyog" {speed, rCorr}.
  4026 | D:5      | 4026 ||| DRINKING 2 emerald potions.
  4027 | D:5      | 4027 ||| READING 2 scrolls of identify.
  4027 | D:5      | 4027 ||| IDENTIFYING bubbling yellow potion
  4028 | D:5      | 4028 ||| DROPPING potion of magic.
  4029 | D:5      | 4029 ||| DROPPING potion of degeneration.
  4083 | D:6      | 4083 ||| Stepping ~*~*~tactically~*~*~ (stealth).
  4095 | D:6      | Reached skill level 7 in Axes
  4186 | D:6      | Reached skill level 1 in Throwing
  4186 | D:6      | Reached XP level 8. HP: 33/49 MP: 8/8
  4189 | D:6      | 4189 ||| DRINKING 3 potions of curing.
  4189 | D:6      | 4189 ||| (to cure confusion)
  4190 | D:6      | 4190 ||| FLEEEEING.
  4191 | D:6      | 4191 ||| FLEEEEING.
  4192 | D:6      | 4192 ||| FLEEEEING.
  4193 | D:6      | 4193 ||| FLEEEEING.
  4195 | D:6      | 4195 ||| STAIRDANCE
  4197 | D:5      | 4197 ||| PLANNING TEMPLE
  4217 | Temple   | Entered the Ecumenical Temple
  4228 | Temple   | 4228 ||| PLANNING D:1-11
  4242 | D:6      | 4242 ||| Stepping ~*~*~tactically~*~*~ (hiding).
  4243 | D:6      | 4243 ||| Stepping ~*~*~tactically~*~*~ (hiding).
  4244 | D:6      | 4244 ||| Stepping ~*~*~tactically~*~*~ (hiding).
  4248 | D:6      | 4248 ||| DRINKING 2 potions of curing.
  4248 | D:6      | 4248 ||| (to cure confusion)
  4295 | D:6      | 4295 ||| STAIRDANCE
  4425 | D:6      | Noticed Blork the orc
  4433 | D:6      | Killed Blork the orc
  4457 | D:6      | Found a glowing golden altar of the Shining One.
  4459 | D:6      | Found a radiant altar of Vehumet.
  4459 | D:6      | Found a snail-covered altar of Cheibriados.
  4459 | D:6      | Found an iron altar of Okawaru.
  4460 | D:6      | 4460 ||| PLANNING OKAWARU WORSHIP
  4460 | D:6      | 4460 ||| READING 2 scrolls of identify.
  4460 | D:6      | 4460 ||| IDENTIFYING fuming purple potion
  4464 | D:6      | 4464 ||| FLEEEEING.
  4465 | D:6      | 4465 ||| FLEEEEING.
  4466 | D:6      | 4466 ||| FLEEEEING.
  4467 | D:6      | 4467 ||| FLEEEEING.
  4495 | D:6      | HP: 10/49 [ogre/+0 giant club (25)]
  4496 | D:6      | 4496 ||| READING 3 scrolls of teleportation.
  4497 | D:6      | 4497 ||| DRINKING 4 potions of heal wounds.
  4607 | D:6      | Found a shadowy altar of Dithmenos.
  4609 | D:6      | Became a worshipper of Warmaster Okawaru
  4610 | D:6      | 4610 ||| PLANNING D:1-11
  4622 | D:6      | Found a shimmering blue altar of Sif Muna.
  4678 | D:6      | 4678 ||| Stepping ~*~*~tactically~*~*~ (hiding).
  4687 | D:6      | Reached skill level 8 in Axes
  4687 | D:6      | 4687 ||| Stepping ~*~*~tactically~*~*~ (hiding).
  4773 | D:6      | Reached skill level 6 in Fighting
  4773 | D:6      | Noticed Menkaure
  4774 | D:6      | 4774 ||| Stepping ~*~*~tactically~*~*~ (hiding).
  4778 | D:6      | Killed Menkaure
  5051 | D:7      | Reached XP level 9. HP: 55/55 MP: 9/9
  5146 | D:7      | Reached * piety under Okawaru
  5147 | D:7      | Reached skill level 9 in Axes
  5184 | D:7      | Found a broken altar of Ashenzari.
  5196 | D:7      | 5196 ||| Stepping ~*~*~tactically~*~*~ (stealth).
  5201 | D:7      | 5201 ||| INVOKING Heroism.
  5202 | D:7      | 5202 ||| INVOKING Heroism.
  5208 | D:7      | Reached skill level 1 in Invocations
  5241 | D:7      | 5241 ||| Stepping ~*~*~tactically~*~*~ (stealth).
  5242 | D:7      | 5242 ||| INVOKING Heroism.
  5281 | D:7      | 5281 ||| INVOKING Heroism.
  5291 | D:7      | Reached skill level 3 in Invocations
  5357 | D:7      | 5357 ||| READING scroll of brand weapon.
  5357 | D:7      | 5357 ||| BRANDING +0 war axe of flaming.
  5452 | D:7      | 5452 ||| DROPPING +0 club.
  5901 | D:7      | 5901 ||| UPGRADING to +0 kite shield.
  5911 | D:7      | 5911 ||| DROPPING +0 buckler.
  5912 | D:7      | 5912 ||| DROPPING +6 ring of intelligence.
  6029 | D:8      | 6029 ||| STAIRDANCE
  6035 | D:8      | 6035 ||| STAIRDANCE
  6047 | D:8      | 6047 ||| STAIRDANCE
  6052 | D:8      | 6052 ||| STAIRDANCE
  6075 | D:8      | 6075 ||| Stepping ~*~*~tactically~*~*~ (stealth).
  6076 | D:8      | 6076 ||| Stepping ~*~*~tactically~*~*~ (stealth).
  6115 | D:8      | 6115 ||| Stepping ~*~*~tactically~*~*~ (stealth).
  6117 | D:8      | 6117 ||| INVOKING Heroism.
  6258 | D:8      | Reached ** piety under Okawaru
  6370 | D:8      | Reached skill level 6 in Shields
  6402 | D:8      | 6402 ||| INVOKING Heroism.
  6404 | D:8      | 6404 ||| Stepping ~*~*~tactically~*~*~ (stealth).
  6405 | D:8      | 6405 ||| Stepping ~*~*~tactically~*~*~ (stealth).
  6413 | D:8      | 6413 ||| DRINKING 3 potions of curing.
  6413 | D:8      | 6413 ||| (to cure confusion)
  6440 | D:8      | 6440 ||| DROPPING +0 flail.
  6448 | D:8      | Noticed Gastronok
  6449 | D:8      | 6449 ||| INVOKING Heroism.
  6464 | D:8      | Killed Gastronok
  6464 | D:8      | Reached *** piety under Okawaru
  6465 | D:8      | Reached skill level 9 in Shields
  6465 | D:8      | Reached XP level 10. HP: 44/60 MP: 13/13
  6719 | D:8      | 6719 ||| Stepping ~*~*~tactically~*~*~ (stealth).
  6735 | D:8      | 6735 ||| INVOKING Heroism.
  6760 | D:8      | 6760 ||| Stepping ~*~*~tactically~*~*~ (stealth).
  6765 | D:8      | 6765 ||| INVOKING Heroism.
  6782 | D:8      | 6782 ||| Stepping ~*~*~tactically~*~*~ (stealth).
  6790 | D:8      | 6790 ||| INVOKING Heroism.
  6791 | D:8      | Received a gift from Okawaru
  6804 | D:8      | 6804 ||| INVOKING Heroism.
  6810 | D:8      | 6810 ||| Stepping ~*~*~tactically~*~*~ (cloud).
  6814 | D:8      | 6814 ||| Stepping ~*~*~tactically~*~*~ (cloud).
  6950 | D:8      | 6950 ||| SWAPPING to +0 broad axe.
  6951 | D:8      | 6951 ||| DROPPING +0 war axe of protection.
  7189 | D:8      | 7189 ||| Stepping ~*~*~tactically~*~*~ (stealth).
  7192 | D:8      | 7192 ||| Stepping ~*~*~tactically~*~*~ (stealth).
  7301 | D:8      | 7301 ||| UPGRADING to +0 hat of see invisible.
  7306 | D:8      | 7306 ||| UPGRADING to +2 plate armour of cold resistance.
  7316 | D:8      | 7316 ||| DROPPING +0 plate armour.
  7317 | D:8      | 7317 ||| UPGRADING to amulet of the acrobat.
  7322 | D:8      | 7322 ||| DRINKING 2 pink potions.
  7427 | D:8      | 7427 ||| READING 2 scrolls of identify.
  7427 | D:8      | 7427 ||| IDENTIFYING fuming sapphire potion
  7428 | D:8      | 7428 ||| DROPPING potion of invisibility.
  7429 | D:8      | 7429 ||| DROPPING potion of berserk rage.
  7458 | D:9      | 7458 ||| Stepping ~*~*~tactically~*~*~ (stealth).
  7460 | D:9      | Reached skill level 10 in Axes
  7461 | D:9      | 7461 ||| INVOKING Heroism.
  7535 | D:9      | Reached **** piety under Okawaru
  7552 | D:9      | Found Bosaq's Weapon Shop.
  7555 | D:9      | Noticed a two-headed ogre
  7556 | D:9      | 7556 ||| INVOKING Heroism.
  7572 | D:9      | 7572 ||| INVOKING Heroism.
  7579 | D:9      | Killed a two-headed ogre
  7580 | D:9      | Reached XP level 11. HP: 19/69 MP: 12/14
  7755 | D:9      | Noticed Erica
  7756 | D:9      | 7756 ||| Stepping ~*~*~tactically~*~*~ (hiding).
  7759 | D:9      | 7759 ||| INVOKING Heroism.
  7768 | D:9      | Killed Erica
  7768 | D:9      | Reached ***** piety under Okawaru
  7852 | D:9      | 7852 ||| INVOKING Heroism.
  7858 | D:9      | Reached skill level 6 in Invocations
  7921 | D:9      | 7921 ||| Stepping ~*~*~tactically~*~*~ (stealth).
  7935 | D:9      | Reached skill level 6 in Armour
  7956 | D:9      | Found a stormy altar of Qazlal.
  8025 | D:9      | 8025 ||| INVOKING Heroism.
  8025 | D:9      | Noticed Pikel
  8033 | D:9      | 8033 ||| Stepping ~*~*~tactically~*~*~ (stealth).
  8038 | D:9      | Killed Pikel
  8055 | D:9      | 8055 ||| INVOKING Heroism.
  8075 | D:9      | 8075 ||| Stepping ~*~*~tactically~*~*~ (cloud).
  8346 | D:9      | Found a staircase to the Orcish Mines.
  8347 | D:9      | 8347 ||| INVOKING Heroism.
  8371 | D:9      | HP: 17/69 [gnoll sergeant/+0 spear of flaming (2)]
  8372 | D:9      | 8372 ||| READING 4 scrolls of teleportation.
  8373 | D:9      | 8373 ||| DRINKING 4 potions of heal wounds.
  8375 | D:9      | 8375 ||| DRINKING 3 potions of heal wounds.
  8565 | D:9      | Noticed Erolcha
  8566 | D:9      | 8566 ||| Stepping ~*~*~tactically~*~*~ (hiding).
  8571 | D:9      | 8571 ||| INVOKING Heroism.
  8572 | D:9      | 8572 ||| INVOKING Finesse.
  8573 | D:9      | 8573 ||| INVOKING Finesse.
  8578 | D:9      | Killed Erolcha
  8780 | D:9      | 8780 ||| INVOKING Heroism.
  8800 | D:9      | 8800 ||| Stepping ~*~*~tactically~*~*~ (stealth).
  8834 | D:9      | 8834 ||| UPGRADING to +0 pair of boots.
  8839 | D:9      | 8839 ||| UPGRADING to +6 ring of strength.
  8840 | D:9      | 8840 ||| READING scroll labelled MUXZOA CAUTOO.
  8848 | D:9      | 8848 ||| INVOKING Heroism.
  8890 | D:9      | 8890 ||| INVOKING Heroism.
  8940 | D:10     | Entered Level 10 of the Dungeon
  8940 | D:10     | Noticed Josephine
  8941 | D:10     | 8941 ||| INVOKING Heroism.
  8949 | D:10     | Reached skill level 11 in Axes
  8959 | D:10     | Killed Josephine
  8961 | D:10     | 8961 ||| Stepping ~*~*~tactically~*~*~ (hiding).
  8963 | D:10     | 8963 ||| Stepping ~*~*~tactically~*~*~ (hiding).
  8964 | D:10     | 8964 ||| Stepping ~*~*~tactically~*~*~ (hiding).
  9070 | D:10     | 9070 ||| Stepping ~*~*~tactically~*~*~ (hiding).
  9122 | D:10     | Noticed Snorg
  9123 | D:10     | 9123 ||| INVOKING Heroism.
  9124 | D:10     | 9124 ||| INVOKING Finesse.
  9132 | D:10     | HP: 17/69 [Snorg (21)]
  9133 | D:10     | 9133 ||| READING 3 scrolls of teleportation.
  9134 | D:10     | 9134 ||| DRINKING 2 potions of heal wounds.
  9135 | D:10     | 9135 ||| DRINKING potion of heal wounds.
  9144 | D:10     | 9144 ||| INVOKING Heroism.
  9148 | D:10     | Killed Snorg
  9148 | D:10     | Identified the +0 pair of gloves of the Onion {rF+ Stlth+}
                  | (Okawaru gifted it to you on level 10 of the Dungeon)
  9148 | D:10     | Received a gift from Okawaru
  9149 | D:10     | Reached skill level 9 in Invocations
  9149 | D:10     | Reached XP level 12. HP: 41/75 MP: 10/18
  9262 | D:10     | 9262 ||| Stepping ~*~*~tactically~*~*~ (stealth).
  9264 | D:10     | 9264 ||| INVOKING Heroism.
  9358 | D:10     | 9358 ||| INVOKING Heroism.
  9707 | D:10     | 9707 ||| Stepping ~*~*~tactically~*~*~ (hiding).
  9771 | D:10     | 9771 ||| UPGRADING to +0 pair of gloves of the Onion {rF+
                  | Stlth+}.
  9776 | D:10     | 9776 ||| DRINKING 2 brown potions.
  9777 | D:10     | 9777 ||| READING 4 scrolls of identify.
  9777 | D:10     | 9777 ||| IDENTIFYING bubbling dark potion
  9778 | D:10     | 9778 ||| READING 3 scrolls of identify.
  9778 | D:10     | 9778 ||| IDENTIFYING viscous ruby potion
  9779 | D:10     | 9779 ||| READING 2 scrolls of identify.
  9779 | D:10     | 9779 ||| IDENTIFYING fizzy red potion
  9780 | D:10     | 9780 ||| DROPPING potion of flight.
  9781 | D:10     | 9781 ||| DROPPING potion of brilliance.
  9839 | D:11     | 9839 ||| INVOKING Heroism.
  9851 | D:11     | 9851 ||| STAIRDANCE
  9856 | D:11     | 9856 ||| STAIRDANCE
  9916 | D:11     | 9916 ||| STAIRDANCE
  9922 | D:11     | 9922 ||| STAIRDANCE
  9947 | D:11     | 9947 ||| STAIRDANCE
  9977 | D:11     | 9977 ||| STAIRDANCE
  9979 | D:10     | 9979 ||| INVOKING Heroism.
 10021 | D:11     | 10021 ||| STAIRDANCE
 10048 | D:11     | 10048 ||| STAIRDANCE
 10054 | D:11     | 10054 ||| INVOKING Heroism.
 10087 | D:11     | 10087 ||| INVOKING Heroism.
 10090 | D:11     | Reached skill level 9 in Fighting
 10163 | D:11     | 10163 ||| Stepping ~*~*~tactically~*~*~ (stealth).
 10248 | D:11     | 10248 ||| Stepping ~*~*~tactically~*~*~ (stealth).
 10334 | D:11     | 10334 ||| Stepping ~*~*~tactically~*~*~ (stealth).
 10337 | D:11     | 10337 ||| Stepping ~*~*~tactically~*~*~ (stealth).
 10339 | D:11     | Reached skill level 3 in Dodging
 10339 | D:11     | 10339 ||| Stepping ~*~*~tactically~*~*~ (hiding).
 10339 | D:11     | Noticed a two-headed ogre
 10340 | D:11     | 10340 ||| Stepping ~*~*~tactically~*~*~ (hiding).
 10341 | D:11     | 10341 ||| INVOKING Heroism.
 10353 | D:11     | HP: 16/76 [two-headed ogre/+0 giant club (4)]
 10354 | D:11     | 10354 ||| READING 2 scrolls of teleportation.
 10355 | D:11     | 10355 ||| Stepping ~*~*~tactically~*~*~ (stealth).
 10359 | D:11     | 10359 ||| READING scroll of teleportation.
 10371 | D:11     | 10371 ||| INVOKING Heroism.
 10376 | D:11     | 10376 ||| FLEEEEING.
 10398 | D:11     | 10398 ||| FLEEEEING.
 10401 | D:11     | 10401 ||| STAIRDANCE
 10605 | D:11     | Killed a two-headed ogre
 10615 | D:11     | 10615 ||| INVOKING Heroism.
 10662 | D:11     | 10662 ||| Stepping ~*~*~tactically~*~*~ (stealth).
 10709 | D:11     | Noticed a frost giant
 10709 | D:11     | Noticed an ettin
 10710 | D:11     | 10710 ||| Stepping randomly (stuck).
 10711 | D:11     | 10711 ||| INVOKING Heroism.
 10724 | D:11     | Killed a frost giant
 10726 | D:11     | 10726 ||| INVOKING Finesse.
 10730 | D:11     | Reached skill level 12 in Axes
 10731 | D:11     | HP: 9/76 [ettin/+0 dire flail (11)]
 10736 | D:11     | Mangled by an ettin

Levels and vault maps discovered:
D:1:      minmay_arrival_plants_in_alcoves, layout_basic
D:2:      layout_basic, serial_forest, infiniplex_forest_lined_room_,
          infiniplex_forest_corner_1, infiniplex_forest_straight_1,
          infiniplex_forest_straight_1, infiniplex_forest_lined_4_way,
          infiniplex_forest_clump_diagonal, infiniplex_forest_clump_diagonal,
          kennysheep_small_spiral
D:3:      layout_basic
D:4:      layout_layer_cave, nemelex_diamond_rough_becter, marbit_many_paths,
          serial_shops, shop
D:5:      layout_basic, nicolae_overflow_hidden_temple,
          minmay_temple_entry_from_below_b, hangedman_decor_opposing
D:6:      layout_basic, minmay_overflow_temple_hex,
          eino_small_chamber_without_monster, uniq_blork_the_orc, uniq_menkaure
D:7:      layout_basic, nicolae_overflow_crystal_walls
D:8:      layout_basic, kennysheep_generic_room_13, uniq_gastronok
D:9:      layout_loops_ring, kennysheep_little_box,
          kennysheep_orc_monster_closet_entryway, serial_shops,
          nicolae_diamond_shop, uniq_erica, uniq_erolcha, uniq_pikel
D:10:     layout_small_grid, uniq_snorg, uniq_josephine
D:11:     minmay_glassy_protrusions, layout_basic, minmay_lair_entry_grove,
          special_room [special_room_orc], minmay_the_grid_square_5x5_3x3_mashed
          [minmay_the_grid_square_5x5_shrine2,
          minmay_the_grid_square_5x5_hourglass,
          minmay_the_grid_square_5x5_three,
          minmay_the_grid_square_5x5_half_checkered,
          minmay_the_grid_square_5x5_megaprize_hollow,
          minmay_the_grid_square_5x5_checkered_statues,
          minmay_the_grid_square_5x5_n_small,
          minmay_the_grid_square_5x5_two_small,
          minmay_the_grid_square_5x5_inner_v], uniq_lodul
Temple:   minmay_freezing_vapour_temple

Skill      XL: |  1  2  3  4  5  6  7  8  9 10 11 12 |
---------------+-------------------------------------+-----
Axes           | 2 3 4 5 6 7 8 9 10 11 12 | 12.0
Dodging        | 1 2 3 |  3.0
Fighting       | 4 5 6 8 9 |  9.0
Throwing       | 1 |  1.6
Armour         | 4 5 6 8 |  8.0
Invocations    | 4 5 9 10 | 10.0
Shields        | 9 10 | 10.0

Action                   |  1- 3 |  4- 6 |  7- 9 | 10-12 || total
-------------------------+-------+-------+-------+-------++-------
Melee: War axe           |   112 |    73 |   241 |    47 ||   473
       Headbutt          |     2 |    10 |    43 |   107 ||   162
       Kick              |       |    11 |    62 |    75 ||   148
       Broad axe         |       |       |       |   441 ||   441
Throw: Boomerang         |       |    16 |    28 |    35 ||    79
Invok: Heroism           |       |       |     6 |    29 ||    35
       Finesse           |       |       |       |     3 ||     3
  Use: Scroll            |     9 |     1 |     5 |     9 ||    24
       Potion            |     4 |     1 |     5 |     6 ||    16
Armor: Scale mail        |    45 |       |       |       ||    45
       Plate armour      |     5 |    47 |   174 |   230 ||   456
Dodge: Dodged            |    38 |    19 |    72 |   172 ||   301
Block: Buckler           |    14 |    15 |    39 |       ||    68
       Kite shield       |       |       |    43 |   352 ||   395

Table legend:
 A = Non-vault XP
 B = Vault XP
 C = Vault XP percentage of total XP
 D = Non-vault monster count
 E = Vault monster count
 F = Vault count percentage of total count
                 A         B        C        D         E       F
            +---------+---------+-------+---------+---------+-------
      Total |   13937 |   15750 |  53.1 |     219 |      75 |  25.5
            +---------+---------+-------+---------+---------+-------
        D:1 |      39 |       0 |   0.0 |      22 |       0 |   0.0
        D:2 |      10 |       0 |   0.0 |       4 |       0 |   0.0
        D:3 |      23 |       0 |   0.0 |      12 |       0 |   0.0
        D:4 |     162 |      42 |  20.6 |      17 |       1 |   5.6
        D:5 |     518 |       0 |   0.0 |      17 |       0 |   0.0
        D:6 |    1279 |     264 |  17.1 |      23 |       2 |   8.0
        D:7 |    1246 |       0 |   0.0 |      20 |       0 |   0.0
        D:8 |    2532 |    1662 |  39.6 |      38 |       3 |   7.3
        D:9 |    3703 |    4227 |  53.3 |      30 |      23 |  43.4
       D:10 |    2423 |    3861 |  61.4 |      21 |      22 |  51.2
       D:11 |    2002 |    5694 |  74.0 |      15 |      24 |  61.5
            +---------+---------+-------+---------+---------+-------
